Map: Last Fantasy LE

Players

ManlyManMeat

  • Race: Terran Terran
  • League: Master
  • Spawn Location: 7:00

VOD

Have the link to the VOD?

Description

Time

  • Played on: May 26, 2025, 10:10 a.m.
  • Length: 41:23
Show
View Real Time Build Order
Export as new Build Order

ManlyManMeat Terran 

Build Orders:  

Get SALT Encoding   

  12  0:00  SCV  
  13  0:17  SCV  
  14  0:24  Supply Depot  
  14  0:34  SCV  
  15  0:54  SCV  
  15  0:56  Barracks  
  16  1:02  Refinery  
  16  1:11  SCV  
  17  1:28  SCV  
  18  1:45  SCV  
  19  2:02  Orbital Command  
  20  2:10  Reaper  
  20  2:26  Command Center  
  20  2:41  Supply Depot  
  20  2:46  SCV  
  21  2:50  Marine  
  22  3:02  SCV  
  23  3:15  Factory  
  23  3:19  SCV  
  24  3:30  Barracks Reactor  
  24  3:36  SCV  
  25  3:53  SCV  
  25  3:56  Command Center  
  26  4:10  Orbital Command, SCV  
  27  4:26  Barracks  
  27  4:27  SCV  
  28  4:31  Barracks Tech Lab  
  28  4:34  Stimpack  
  28  4:39  Hellion x2  
  32  4:44  SCV  
  32  4:47  SCV  
  34  5:01  SCV  
  34  5:04  Marine  
  34  5:08  Refinery  
  34  5:09  SCV  
  37  5:18  SCV  
  38  5:26  SCV  
  39  5:35  SCV  
  39  5:36  Orbital Command  
  39  5:37  Starport  
  40  5:43  SCV, Marine  
  40  5:46  Marine x2  
  40  5:49  Factory Tech Lab  
  44  5:58  Barracks  
  44  6:01  Supply Depot  
  44  6:08  SCV, Marine  
  46  6:11  Marine x2  
  46  6:15  SCV x2  
  50  6:24  SCV, Engineering Bay  
  51  6:30  Engineering Bay  
  51  6:33  Marine  
  51  6:36  Orbital Command, Supply Depot  
  51  6:37  SCV  
  53  6:51  Refinery  
  53  6:53  SCV  
  53  6:57  SCV  
  53  6:59  Refinery  
  55  7:00  Siege Tank  
  55  7:01  Marine  
  55  7:06  Marine  
  60  7:10  SCV  
  60  7:14  SCV  
  60  7:15  Supply Depot  
  60  7:18  Supply Depot  
  60  7:19  Terran Infantry Weapons Level 1  
  62  7:21  Terran Infantry Armor Level 1  
  62  7:29  Starport Reactor  
  62  7:31  Marine x3  
  62  7:34  SCV x2  
  67  7:45  Supply Depot  
  67  7:46  SCV  
  67  7:49  Supply Depot  
  68  7:51  SCV x2  
  70  8:03  SCV  
  70  8:06  Marine x2  
  73  8:15  Barracks  
  73  8:17  Barracks Reactor  
  73  8:18  Marine  
  74  8:20  Barracks, SCV  
  74  8:21  Barracks  
  74  8:25  SCV x2  
  77  8:30  Supply Depot  
  77  8:31  Marine x2  
  77  8:37  SCV  
  80  8:40  Armory  
  80  8:42  SCV x2  
  80  8:47  Marine  
  80  8:49  Medivac  
  85  8:51  Siege Tank  
  85  8:54  SCV  
  85  8:56  Marine x2  
  91  9:13  SCV x3  
  94  9:23  Marine  
  94  9:24  Marine x5  
  94  9:27  Medivac  
  102  9:30  SCV  
  102  9:31  Medivac  
  102  9:35  Refinery x2  
  102  9:36  Siege Tank  
  108  9:44  Command Center  
  108  9:50  SCV  
  108  9:51  SCV x2  
  111  10:06  Marine x4, Supply Depot  
  111  10:07  Marauder, Supply Depot  
  111  10:08  SCV  
  118  10:13  Barracks Reactor, Barracks Tech Lab  
  118  10:14  Barracks Tech Lab  
  118  10:20  Medivac x2  
  118  10:21  Siege Tank  
  118  10:25  Unknown  
  118  10:29  Siege Tank  
  125  10:36  Marine  
  126  10:40  Barracks  
  126  10:41  Barracks  
  126  10:45  Factory  
  126  10:53  Supply Depot  
  126  10:54  Supply Depot  
  126  10:55  SCV x2  
  126  10:56  SCV  
  129  11:08  Marine x4  
  129  11:09  Marine x2  
  135  11:10  Marauder x2  
  139  11:22  Marine  
  139  11:25  Siege Tank  
  139  11:27  Medivac x2  
  147  11:31  Terran Infantry Weapons Level 2, Supply Depot  
  147  11:33  Marine, Supply Depot  
  147  11:34  Terran Infantry Armor Level 2  
  148  11:45  Factory Tech Lab  
  148  11:48  Barracks Tech Lab  
  148  11:55  Barracks Tech Lab  
  148  11:56  Marine x2  
  148  11:57  Marauder x2  
  148  11:58  Marauder  
  156  12:05  Supply Depot  
  156  12:09  Medivac x2  
  160  12:10  SCV  
  160  12:11  SCV x2  
  160  12:19  Planetary Fortress  
  163  12:25  Supply Depot  
  163  12:27  SCV x2  
  165  12:33  SCV  
  165  12:38  Marine x3  
  165  12:39  Marauder x3, Marine  
  176  12:40  Marauder  
  176  12:44  SCV x2  
  176  12:45  Siege Tank  
  183  12:50  SCV  
  183  12:56  Supply Depot  
  183  12:58  Supply Depot  
  184  13:00  Terran Vehicle Weapons Level 1  
  184  13:02  Concussive Shells  
  184  13:05  Siege Tank  
  184  13:06  Medivac  
  184  13:09  Marauder x2  
  193  13:10  Marine x4  
  193  13:11  Marine x3  
  200  13:26  Siege Tank  
  200  13:27  Siege Tank x2  
  200  13:36  Unknown  
  200  14:00  Unknown  
  200  14:24  Unknown  
  200  14:44  Terran Infantry Weapons Level 3  
  200  14:45  Terran Infantry Armor Level 3  
  193  17:26  Siege Tank x2  
  134  20:59  Marine  
  127  21:00  Marine x10  
  144  21:11  Siege Tank  
  144  21:14  Terran Vehicle Weapons Level 2  
  144  21:24  Marine x3  
  144  21:25  Marine x8  
  149  21:33  Hi-Sec Auto Tracking  
  137  21:49  Marine x5  
  140  21:50  Marine x6  
  141  22:14  Marine x5  
  141  22:15  Marine x6  
  128  22:32  Siege Tank  
  128  22:33  Siege Tank, Structure Armor  
  128  22:39  Marine x7  
  137  22:40  Marine x4  
  115  23:04  Marine x9  
  115  23:05  Marine x2  
  119  23:29  Marine x10  
  128  23:30  Marine  
  127  23:54  Marine x7  
  127  23:56  SCV  
  135  24:11  SCV x3  
  135  24:15  SCV  
  139  24:28  SCV x3  
  142  24:38  Barracks  
  142  24:39  Barracks  
  135  25:01  Barracks  
  135  25:05  Barracks x2  
  135  25:08  Barracks  
  135  25:11  Barracks  
  135  25:12  Barracks  
  135  25:16  Marine x4  
  135  25:17  Marine x3  
  135  25:18  Marine x4  
  146  25:40  Marine  
  146  25:41  Marine x3  
  146  25:42  Marine x3  
  146  25:43  Marine x4  
  157  25:54  Barracks  
  157  25:56  Barracks  
  157  26:10  Barracks  
  157  26:15  Barracks  
  157  26:26  Barracks x2  
  157  26:28  Barracks  
  157  26:36  Barracks  
  157  26:40  Barracks Reactor x7  
  157  26:41  Barracks Reactor  
  157  26:44  Marine  
  157  26:45  Marine x4  
  157  26:46  Marine x6  
  168  27:07  Barracks  
  168  27:08  Barracks  
  168  27:09  Marine  
  164  27:10  Marine x2  
  171  27:45  Marine  
  171  27:46  Marine x16  
  171  27:47  Marine x9  
  171  27:48  Marine x3  
  97  32:43  Barracks Reactor x7  
  97  32:45  Barracks Reactor  
  97  32:47  Barracks Reactor  
  15  33:22  Marine x11  
  15  33:23  Marine x16  
  42  33:47  Marine x13  
  42  33:48  Marine x14  
  61  34:07  Marine x15  
  61  34:08  Marine x3  
  79  34:12  Marine x13  
  79  34:13  Marine x14  
  78  34:31  Marine  
  78  34:32  Marine x14  
  78  34:33  Marine x3  
  78  34:36  Marine  
  78  34:37  Marine x14  
  78  34:38  Marine x12  
  123  34:56  Marine  
  123  34:57  Marine x13  
  137  35:01  Marine  
  137  35:02  Marine x6  
  144  35:12  Marine x4  
  144  35:13  Marine  
  149  35:54  Marine x5  
  149  35:55  Marine x9  
  163  36:00  Marine  
  163  36:01  Marine  
  165  36:19  Marine x2  
  167  36:23  Marine  
  167  37:58  Marine x8  
  175  38:44  Marine  
  175  38:45  Marine x3  
Tags
 
Add a new tag
Caveats
  • Supply blocks, unpowered buildings, or Contaminate may cause inaccurate times.
  • Supply counts are checked every 10 seconds.